 Dungeon Crawl Stone Soup version 0.24.0-35-gdb84b6a5db (webtiles) character file.

Game seed: 1359979408275998269, levelgen mode: deterministic

231 Flugslaktarn the Skirmisher (level 5, -1/47 HPs)
             Began as a Minotaur Fighter on Nov 18, 2019.
             Was an Initiate of Makhleb.
             Killed by nerve-wracking pain
             ... invoked by Grinder
              (8 damage)
             ... on level 3 of the Dungeon.
             The game lasted 00:01:18 (3006 turns).

Flugslaktarn the Skirmisher (Minotaur Fighter)      Turns: 3006, Time: 00:01:19

Health: -1/47      AC:  9    Str: 21    XL:     5   Next: 72%
Magic:  5/5        EV:  5    Int:  5    God:    Makhleb [......]
Gold:   110        SH:  9    Dex: 10    Spells: 4/4 levels left

rFire    . . .     SeeInvis .   a - +0 war axe
rCold    . . .     Gourm    .   c - +0 shield
rNeg     . . .     Faith    .   f - +0 chain mail
rPois    .         Spirit   .   (helmet restricted)
rElec    .         Reflect  .   (no cloak)
rCorr    .         Harm     .   (no gloves)
MR       .....                  (no boots)
Stlth    ..........             (no amulet)
HPRegen  0.15/turn              (no ring)
MPRegen  0.09/turn              (no ring)

@: no status effects
A: retaliatory headbutt, horns 2
a: Renounce Religion


You were on level 3 of the Dungeon.
You worshipped Makhleb.
Makhleb was noncommittal.
You were not hungry.

You visited 1 branch of the dungeon, and saw 3 of its levels.

You collected 110 gold pieces.

Inventory:

Hand Weapons
 a - a +0 war axe (weapon)
Armour
 c - a +0 shield (worn)
 f - a +0 chain mail (worn)
   (You found it on level 1 of the Dungeon)
Jewellery
 k - an uncursed amulet of magic regeneration {unknown}
   (You found it on level 2 of the Dungeon)
 r - a +4 ring of strength {unknown}
   (You found it on level 3 of the Dungeon)
Scrolls
 b - a scroll of noise {unknown}
 g - 4 scrolls of identify {unknown}
 j - a scroll of enchant weapon {unknown}
 l - a scroll of remove curse {unknown}
 m - a scroll of immolation {unknown}
 p - a scroll of magic mapping {unknown}
Potions
 d - 2 potions of might
 h - a potion of flight {unknown}
 i - a potion of heal wounds {unknown}
 n - a potion of magic {unknown}
 o - a potion of haste
Comestibles
 e - 7 rations
 q - 4 chunks of flesh


   Skills:
 + Level 4.7 Fighting
 * Level 4.7 Axes
 + Level 4.6 Armour
 + Level 4.5 Shields
 + Level 1.5 Invocations


You had 4 spell levels left.
You didn't know any spells.
Your spell library was empty.

Dungeon Overview and Level Annotations

Branches:
Dungeon (3/15)

Altars:
Makhleb

Annotations:
D:3 Grinder


Innate Abilities, Weirdness & Mutations

You reflexively headbutt those who attack you in melee.
You have a pair of horns on your head.


Message History

Grinder hits you but does no damage.
Grinder blinks!
The bat hits you but does no damage.
You aren't carrying any items that you can evoke.
Unknown command.
The bat hits you.
* * * LOW HITPOINT WARNING * * *
You feel sick.
You are no longer poisoned.
You block the bat's attack.
Grinder blinks!
Grinder grins, showing sharp teeth.
Grinder blinks!
The bat hits you but does no damage. You block the bat's attack.
You block the bat's attack. You block the bat's attack.
Grinder blinks!
The bat barely misses you. You block the bat's attack. Grinder gestures at you.
Pain shoots through your body!
You die...

############.#.##................
#.#................###
..#######).......###3# ..##
##.#..#...##### .........#
#............_# .........#
###....##...##### .........#
###.............#4#
.........####.b.###.........###
.........##...@.......#........
.........##...######.......)...
.........#...## #...##.......
.......).#..## #............
.........5.## .........)รท.
...........# .........).
##......#### .##........ #.##...#
...#...... ..$.........#
#####.(....


You could see Grinder and a bat.

Vanquished Creatures
  An ogre (D:3)
  A jelly (D:3)
  6 adders
  An ooze (D:2)
  3 worms
  2 leopard geckos (D:2)
  2 orcs (D:3)
  3 giant cockroaches
  8 goblins
  4 hobgoblins
  4 bats
  2 frilled lizards (D:3)
  7 kobolds
  6 rats
50 creatures vanquished.

Notes
Turn   | Place    | Note
-------+----------+-------------------------------------------
     0 | D:1      | Flugslaktarn the Minotaur Fighter began the quest for the
                  | Orb.
     0 | D:1      | Reached XP level 1. HP: 19/19 MP: 0/0
   481 | D:1      | Reached XP level 2. HP: 27/27 MP: 1/1
  1078 | D:2      | Found a burning altar of Makhleb.
  1196 | D:2      | Became a worshipper of Makhleb the Destroyer
  1241 | D:2      | Reached XP level 3. HP: 31/33 MP: 2/2
  2101 | D:2      | Reached XP level 4. HP: 40/40 MP: 3/3
  2257 | D:3      | Noticed an ogre
  2264 | D:3      | Killed an ogre
  2264 | D:3      | Reached skill level 1 in Invocations
  2264 | D:3      | Reached XP level 5. HP: 4/47 MP: 3/5
  2624 | D:3      | Found a burning altar of Makhleb.
  2624 | D:3      | Noticed a blizzard demon
  2627 | D:3      | Noticed a neqoxec
  2627 | D:3      | Noticed an orange demon
  2982 | D:3      | Noticed Grinder
  2985 | D:3      | Paralysed by Grinder for 3 turns
  3006 | D:3      | Killed from afar by Grinder

Levels and vault maps discovered:
D:1:      dpeg_arrival_another_circle, layout_loops_ring, serial_forest,
          infiniplex_forest_clump_double, infiniplex_forest_end_2,
          infiniplex_forest_end_double, infiniplex_forest_corner_2
D:2:      layout_basic, nicolae_overflow_crystal_walls
D:3:      layout_rooms, minitemple, chequers_ecumenical_altar_simple_redux,
          makhleb_altar_promises_db, uniq_grinder

Skill      XL: |  1  2  3  4 |
---------------+-------------+-----
Axes           | 3 4 |  4.7
Shields        | 4 |  4.5
Fighting       | 4 |  4.7
Armour         | 4 |  4.6
Invocations    | 1 |  1.5

Action                   |  1- 3 |  4- 6 || total
-------------------------+-------+-------++-------
Melee: War axe           |    86 |    50 ||   136
       Headbutt          |    11 |     9 ||    20
  Eat: Chunk             |     4 |     3 ||     7
Armor: Chain mail        |    42 |    30 ||    72
Dodge: Dodged            |    16 |    13 ||    29
Block: Shield            |    49 |    53 ||   102
